SL
D.C. DIVIDED @ WIZARDING EXPRESS
07/19/2032
 
TOP OF THE 1ST
D.C. Divided batting - Pitching for Wizarding Express : RHP Juan Contreras
Pitching: RHP Juan Contreras
Batting: LHB Ryan Marken 0-0: Called Strike
0-1: Ball
1-1: Ball
2-1: Foul Ball, location: 2F
2-2: Ball
3-2: Strikes out looking
Batting: RHB Tony Romero 0-0: Ball
1-0: Ball
2-0: SINGLE (Flyball, 7LS)
Batting: LHB Yao-pang Chiang 0-0: Ball
1-0: Ball
2-0: Ground out 3-1 (Groundball, 3)
Tony Romero to second
Batting: RHB Wilbur Davis 0-0: Foul Ball, location: 2F
0-1: Called Strike
0-2: Fly out, F6 (Popup, 6MD)
Top of the 1st over - 0 runs, 1 hit, 0 errors, 1 left on base; D.C. 0 - Wizarding 0
BOTTOM OF THE 1ST
Wizarding Express batting - Pitching for D.C. Divided : RHP John Hottinger
Pitching: RHP John Hottinger
Batting: LHB José Corona 0-0: Called Strike
0-1: Ball
1-1: Ball
2-1: Called Strike
2-2: Strikes out swinging
Batting: SHB Salvador Trevino 0-0: Foul Ball, location: 2F
0-1: Ball
1-1: Foul Ball, location: 2F
1-2: Ball
2-2: SINGLE (Groundball, 6MS) (infield hit)
Batting: LHB Nathan Tanner 0-0: Ball
1-0: Foul Ball, location: 2F
1-1: Foul Ball, location: 2F
1-2: DOUBLE (Line Drive, 9LM)
Salvador Trevino to third
Batting: RHB Ralph Cranford 0-0: Swinging Strike
0-1: Swinging Strike
0-2: Ball
1-2: Strikes out swinging
Batting: SHB Fernando Sánchez 0-0: Ball
1-0: Called Strike
1-1: Ball
2-1: Called Strike
2-2: Fly out, F9 (Flyball, 9)
Bottom of the 1st over - 0 runs, 2 hits, 0 errors, 2 left on base; D.C. 0 - Wizarding 0
TOP OF THE 2ND
D.C. Divided batting - Pitching for Wizarding Express : RHP Juan Contreras
Batting: LHB Obidiah Lewis 0-0: Swinging Strike
0-1: Called Strike
0-2: Strikes out looking
Batting: RHB Arturo Rodríguez 0-0: Ball
1-0: Ground out 6-3 (Groundball, 6)
Batting: RHB Nick Boyd 0-0: Called Strike
0-1: Ball
1-1: Ball
2-1: Ball
3-1: Called Strike
3-2: Strikes out swinging
Top of the 2nd over - 0 runs, 0 hits, 0 errors, 0 left on base; D.C. 0 - Wizarding 0
BOTTOM OF THE 2ND
Wizarding Express batting - Pitching for D.C. Divided : RHP John Hottinger
Batting: LHB Cris Gonzáles 0-0: Called Strike
0-1: Fly out, F5 (Line Drive, 5)
Batting: RHB Frank Grimes 0-0: Swinging Strike
0-1: Foul Ball, location: 2F
0-2: Ball
1-2: Ball
2-2: Fly out, F8 (Flyball, 8RD)
Batting: RHB Gustavo Mateo 0-0: Ball
1-0: Ground out 4-3 (Groundball, 4)
Bottom of the 2nd over - 0 runs, 0 hits, 0 errors, 0 left on base; D.C. 0 - Wizarding 0
TOP OF THE 3RD
D.C. Divided batting - Pitching for Wizarding Express : RHP Juan Contreras
Batting: RHB Brant Thigpen 0-0: Ball
1-0: Swinging Strike
1-1: Ball
2-1: Foul Ball, location: 2F
2-2: Ball
3-2: Fly out, F6 (Popup, 6)
Batting: RHB Roberto Maestas 0-0: Fly out, F2 (Popup, 2RF)
Batting: LHB Ryan Marken 0-0: Ground out 5-3 (Groundball, 56)
Top of the 3rd over - 0 runs, 0 hits, 0 errors, 0 left on base; D.C. 0 - Wizarding 0
BOTTOM OF THE 3RD
Wizarding Express batting - Pitching for D.C. Divided : RHP John Hottinger
Batting: SHB Jake Richardson 0-0: Ball
1-0: Fly out, F7 (Flyball, 7LSF)
Batting: LHB José Corona 0-0: SINGLE (Flyball, 89S)
Batting: SHB Salvador Trevino 0-0: Ball
1-0: Foul Ball, location: 2F
1-1: Called Strike
1-2: Foul Ball, location: 2F
1-2: Ball
2-2: Fly out, F8 (Flyball, 8LXD)
Runner from 1st tags up, SAFE at 2nd
Batting: LHB Nathan Tanner 0-0: Ball
1-0: Foul Ball, location: 2F
1-1: Foul Ball, location: 2F
1-2: Fly out, F5 (Line Drive, 56)
Bottom of the 3rd over - 0 runs, 1 hit, 0 errors, 1 left on base; D.C. 0 - Wizarding 0
TOP OF THE 4TH
D.C. Divided batting - Pitching for Wizarding Express : RHP Juan Contreras
Batting: RHB Tony Romero 0-0: SINGLE (Groundball, 34D)
Batting: LHB Yao-pang Chiang 0-0: Ball
1-0: SINGLE (Groundball, 6MD)
Tony Romero to second
Batting: RHB Wilbur Davis 0-0: Ball
1-0: Called Strike
1-1: SINGLE (Line Drive, 7LS)
Tony Romero to third
Yao-pang Chiang to second
Batting: LHB Obidiah Lewis 0-0: Ball
1-0: Ball
2-0: Ball
3-0: Called Strike
3-1: Base on Balls
Tony Romero scores
Yao-pang Chiang to third
Wilbur Davis to second
Batting: RHB Arturo Rodríguez 0-0: Ball
1-0: Ball
2-0: Fly out, F9 (Flyball, 89S)
Runner from 3rd tags up, SCORES, no throw
Batting: RHB Nick Boyd 0-0: Ball
Wild Pitch!
Wilbur Davis to third
Obidiah Lewis to second
1-0: Ball
2-0: Foul Ball, location: 2F
2-1: Reached on error, E8 (Flyball, 8RD)
Wilbur Davis scores
Obidiah Lewis scores
Batting: RHB Brant Thigpen 0-0: Called Strike
0-1: 2-RUN HOME RUN (Flyball, 7D), Distance : 352 ft
Batting: RHB Roberto Maestas 0-0: Ball
1-0: SINGLE (Groundball, 15S) (infield hit)
Batting: LHB Ryan Marken 0-0: Called Strike
0-1: Fielders Choice at 2nd, 6-4 (Groundball, 6M)
Batting: RHB Tony Romero 0-0: Called Strike
Ryan Marken is caught stealing 2nd base
Top of the 4th over - 6 runs, 5 hits, 1 error, 0 left on base; D.C. 6 - Wizarding 0
BOTTOM OF THE 4TH
Wizarding Express batting - Pitching for D.C. Divided : RHP John Hottinger
Batting: RHB Ralph Cranford 0-0: Called Strike
0-1: Foul Ball, location: 2F
0-2: SINGLE (Line Drive, 56)
Batting: SHB Fernando Sánchez 0-0: DOUBLE (Flyball, 78XD)
Ralph Cranford to third
Batting: LHB Cris Gonzáles 0-0: Ball
1-0: Ball
2-0: DOUBLE (Line Drive, 9LD)
Ralph Cranford scores
Fernando Sánchez scores
Batting: RHB Frank Grimes 0-0: Called Strike
0-1: Ball
1-1: SINGLE (Groundball, 6MD)
Cris Gonzáles to third
Runner from 3rd tries for Home, SAFE, no throw
Batting: RHB Gustavo Mateo 0-0: Called Strike
0-1: Swinging Strike
0-2: Ball
1-2: Fly out, F8 (Flyball, 8LD)
Batting: SHB Jake Richardson 0-0: Foul Ball, location: 2F
0-1: Ball
1-1: SINGLE (Groundball, 3) (infield hit)
Frank Grimes to second
Batting: LHB José Corona 0-0: Foul Ball, location: 2F
0-1: Ball
1-1: Ball
2-1: Foul Ball, location: 2F
2-2: Foul Ball, location: 2F
2-2: DOUBLE (Line Drive, 8LD)
Frank Grimes scores
Jake Richardson to third
Batting: SHB Salvador Trevino 0-0: Called Strike
0-1: Swinging Strike
0-2: Ball
1-2: Foul Ball, location: 2F
1-2: Ball
2-2: Ball
3-2: Ground out 5-3 (Groundball, 5)
Batting: LHB Nathan Tanner 0-0: 3-RUN HOME RUN (Flyball, 89XD), Distance : 383 ft
Batting: RHB Ralph Cranford 0-0: Fly out, F3 (Popup, 34)
Bottom of the 4th over - 7 runs, 7 hits, 0 errors, 0 left on base; D.C. 6 - Wizarding 7
TOP OF THE 5TH
D.C. Divided batting - Pitching for Wizarding Express : RHP Juan Contreras
Batting: RHB Tony Romero 0-0: Called Strike
0-1: Foul Ball, location: 2F
0-2: Foul Ball, location: 2F
0-2: Ball
1-2: Ball
2-2: Ball
3-2: Base on Balls
Batting: LHB Yao-pang Chiang 0-0: Ball
1-0: Foul Ball, location: 2F
1-1: Ball
2-1: 2-RUN HOME RUN (Flyball, 9LD), Distance : 337 ft
Batting: RHB Wilbur Davis 0-0: Ground out 6-3 (Groundball, 6)
Batting: LHB Obidiah Lewis 0-0: Ball
1-0: Called Strike
1-1: Swinging Strike
1-2: Ball
2-2: Ball
3-2: Strikes out swinging
Batting: RHB Arturo Rodríguez 0-0: Ball
1-0: Foul Ball, location: 2F
1-1: Foul Ball, location: 2F
1-2: Foul Ball, location: 2F
1-2: Fly out, F9 (Line Drive, 9)
Top of the 5th over - 2 runs, 1 hit, 0 errors, 0 left on base; D.C. 8 - Wizarding 7
BOTTOM OF THE 5TH
Wizarding Express batting - Pitching for D.C. Divided : RHP John Hottinger
Batting: SHB Fernando Sánchez 0-0: Called Strike
0-1: Foul Ball, location: 2F
0-2: SINGLE (Groundball, 23) (infield hit)
Pitching: RHP Trevor Brohard
Batting: LHB Cris Gonzáles 0-0: Called Strike
0-1: DOUBLE (Flyball, 8LXD)
Fernando Sánchez to third
Batting: RHB Frank Grimes 0-0: Ball
1-0: Ball
2-0: Foul Ball, location: 2F
2-1: Reaches on Catchers interference
Batting: RHB Gustavo Mateo 0-0: Ball
1-0: Ball
2-0: Swinging Strike
2-1: Foul Ball, location: 2F
2-2: Foul Ball, location: 2F
2-2: Foul Ball, location: 2F
2-2: Foul Ball, location: 2F
2-2: Ball
3-2: Foul Ball, location: 2F
3-2: Fly out, F5 (Line Drive, 56)
Batting: SHB Jake Richardson 0-0: Called Strike
0-1: Foul Ball, location: 2F
0-2: Ball
1-2: SINGLE (Flyball, 78S)
Fernando Sánchez scores
Cris Gonzáles to third
Frank Grimes to second
Batting: LHB José Corona 0-0: Ball
1-0: Swinging Strike
1-1: SINGLE (Groundball, 4MD)
Cris Gonzáles scores
Frank Grimes to third
Jake Richardson to second
Runner from 3rd tries for Home, SAFE, no throw
Batting: SHB Salvador Trevino 0-0: Ball
1-0: Ball
2-0: DOUBLE (Flyball, 78XD)
Jake Richardson scores
José Corona to third
Pitching: RHP Baker Mayfield
Batting: LHB Nathan Tanner 0-0: Ball
1-0: Ball
2-0: Ground out 3-1 (Groundball, 34S)
José Corona scores
Salvador Trevino to third
Batting: RHB Ralph Cranford 0-0: Fly out, F7 (Flyball, 78D)
Bottom of the 5th over - 5 runs, 5 hits, 1 error, 1 left on base; D.C. 8 - Wizarding 12
TOP OF THE 6TH
D.C. Divided batting - Pitching for Wizarding Express : RHP Juan Contreras
Pitching: RHP Juan Cantú
Batting: RHB Nick Boyd 0-0: Foul Ball, location: 2F
0-1: Called Strike
0-2: Strikes out swinging
Batting: RHB Brant Thigpen 0-0: Called Strike
0-1: Foul Ball, location: 2F
0-2: Strikes out swinging
Batting: RHB Roberto Maestas 0-0: Ground out 4-3 (Groundball, 4M)
Top of the 6th over - 0 runs, 0 hits, 0 errors, 0 left on base; D.C. 8 - Wizarding 12
BOTTOM OF THE 6TH
Wizarding Express batting - Pitching for D.C. Divided : RHP Baker Mayfield
Batting: SHB Fernando Sánchez 0-0: Ball
1-0: Swinging Strike
1-1: Called Strike
1-2: SINGLE (Groundball, 4MD)
Batting: LHB Cris Gonzáles 0-0: Ball
1-0: Fly out, F8 (Flyball, 8RD)
Batting: RHB Frank Grimes 0-0: Fly out, F9 (Flyball, 89D)
Batting: RHB Gustavo Mateo 0-0: Ball
1-0: Swinging Strike
1-1: Swinging Strike
1-2: Strikes out swinging
Bottom of the 6th over - 0 runs, 1 hit, 0 errors, 1 left on base; D.C. 8 - Wizarding 12
TOP OF THE 7TH
D.C. Divided batting - Pitching for Wizarding Express : RHP Juan Cantú
Batting: LHB Ryan Marken 0-0: Ball
1-0: Called Strike
1-1: Ball
2-1: Foul Ball, location: 2F
2-2: Strikes out looking
Batting: RHB Tony Romero 0-0: Ball
1-0: Ball
2-0: Foul Ball, location: 2F
2-1: SINGLE (Groundball, 34D)
Batting: LHB Yao-pang Chiang 0-0: Called Strike
0-1: Ground out 4-3 (Groundball, 34)
Tony Romero to second
Batting: RHB Wilbur Davis 0-0: Called Strike
0-1: Called Strike
0-2: Ball
1-2: SINGLE (Flyball, 89M)
Tony Romero to third
Runner from 3rd tries for Home, SAFE, no throw
Batting: LHB Obidiah Lewis Balk!
Wilbur Davis to second
0-0: Ball
1-0: Ground out 3-1 (Groundball, 34S)
Top of the 7th over - 1 run, 2 hits, 0 errors, 1 left on base; D.C. 9 - Wizarding 12
BOTTOM OF THE 7TH
Wizarding Express batting - Pitching for D.C. Divided : RHP Baker Mayfield
Batting: SHB Jake Richardson 0-0: SINGLE (Groundball, 4MD)
Batting: LHB José Corona 0-0: Ball
1-0: Ball
2-0: Sac Bunt - play at first, batter safe!
Jake Richardson to second
Batting: SHB Salvador Trevino 0-0: Grounds into double play, 4-6-3 (Groundball, 4)
Jake Richardson to third
Batting: LHB Nathan Tanner 0-0: Ball
1-0: Called Strike
1-1: Ball
2-1: Fly out, F7 (Flyball, 7)
Bottom of the 7th over - 0 runs, 2 hits, 0 errors, 1 left on base; D.C. 9 - Wizarding 12
TOP OF THE 8TH
D.C. Divided batting - Pitching for Wizarding Express : RHP Juan Cantú
Batting: RHB Arturo Rodríguez 0-0: Called Strike
0-1: Ball
1-1: Called Strike
1-2: Ball
2-2: Strikes out swinging
Batting: RHB Nick Boyd 0-0: Ball
1-0: Ground out U3 (Groundball, 2R)
Batting: RHB Brant Thigpen 0-0: Ball
1-0: Ball
2-0: Called Strike
2-1: Ground out 6-3 (Groundball, 6)
Top of the 8th over - 0 runs, 0 hits, 0 errors, 0 left on base; D.C. 9 - Wizarding 12
BOTTOM OF THE 8TH
Wizarding Express batting - Pitching for D.C. Divided : RHP Baker Mayfield
Batting: RHB Ralph Cranford 0-0: Called Strike
0-1: Ball
1-1: Ball
2-1: Swinging Strike
2-2: SINGLE (Line Drive, 78S)
Batting: SHB Fernando Sánchez Pickoff Throw to First - Error! E1
Ralph Cranford to second
0-0: Foul Ball, location: 2F
0-1: Ball
1-1: SINGLE (Groundball, 4D)
Ralph Cranford to third
Runner from 3rd tries for Home, SAFE, throw made home
Pitching: RHP Dale Kurth
Batting: LHB Cris Gonzáles 0-0: Ball
Wild Pitch!
Fernando Sánchez to second
1-0: Ball
2-0: Called Strike
2-1: Hit by Pitch
Batting: RHB Frank Grimes 0-0: Sac Bunt - play at first, batter OUT! 1-3
Fernando Sánchez to third
Cris Gonzáles to second
Batting: RHB Gustavo Mateo 0-0: Foul Ball, location: 2F
0-1: Foul Ball, location: 2F
0-2: Foul Ball, location: 2F
0-2: Foul Ball, location: 2F
0-2: Ball
1-2: SINGLE (Groundball, 6MD)
Fernando Sánchez scores
Cris Gonzáles to third
Runner from 3rd tries for Home, SAFE, no throw
Batting: SHB Jake Richardson 0-0: Called Strike
0-1: Swinging Strike
0-2: Strikes out looking
Batting: LHB José Corona 0-0: Ball
1-0: Called Strike
1-1: Ground out 6-3 (Groundball, 6M)
Bottom of the 8th over - 3 runs, 3 hits, 1 error, 1 left on base; D.C. 9 - Wizarding 15
TOP OF THE 9TH
D.C. Divided batting - Pitching for Wizarding Express : RHP Juan Cantú
Batting: RHB Roberto Maestas 0-0: Ball
1-0: Ball
2-0: Swinging Strike
2-1: SINGLE (Line Drive, 6MD)
Batting: LHB Ryan Marken 0-0: Called Strike
0-1: Ball
1-1: Ball
2-1: SINGLE (Line Drive, 56D)
Roberto Maestas to second
Batting: RHB Tony Romero 0-0: Ball
1-0: SINGLE (Groundball, 6MD)
Roberto Maestas to third
Ryan Marken to second
Batting: LHB Yao-pang Chiang 0-0: SINGLE (Groundball, 6MD)
Roberto Maestas scores
Ryan Marken to third
Tony Romero to second
Pitching: LHP Dorian Daly
Batting: RHB Wilbur Davis 0-0: Called Strike
0-1: Ball
1-1: SINGLE (Line Drive, 6MD)
Ryan Marken scores
Tony Romero to third
Yao-pang Chiang to second
Batting: LHB Obidiah Lewis 0-0: Fly out, F9 (Flyball, 89D)
Runner from 3rd tags up, SCORES, no throw
Batting: RHB Arturo Rodríguez 0-0: Ball
1-0: Ball
2-0: Ball
3-0: Foul Ball, location: 2F
3-1: Fly out, F7 (Flyball, 7)
Batting: RHB Nick Boyd 0-0: Ball
1-0: Called Strike
1-1: Called Strike
1-2: Ball
2-2: Foul Ball, location: 2F
2-2: Ball
3-2: Foul Ball, location: 2F
3-2: Foul Ball, location: 2F
3-2: Base on Balls
Yao-pang Chiang to third
Wilbur Davis to second
Batting: RHB Brant Thigpen 0-0: Called Strike
0-1: Swinging Strike
0-2: Ball
1-2: Strikes out swinging
Top of the 9th over - 3 runs, 5 hits, 0 errors, 3 left on base; D.C. 12 - Wizarding 15
Wednesday, September 19th, 2018 - OOTP Baseball 18.8 Build 76